 Dungeon Crawl Stone Soup version 0.28.0-53-g5a82cb258f (webtiles) character file.

Game seed: 11027229218111342635

3 Zeld the Ruffian (level 1, -1/16 HPs)
             Began as a Draconian Transmuter on June 3, 2022.
             Slain by a kobold
             ... wielding a +0 short sword
              (4 damage)
             ... on level 1 of the Dungeon.
             The game lasted 00:01:34 (298 turns).

Zeld the Ruffian (Draconian Transmuter)              Turns: 298, Time: 00:01:34

Health: -1/16      AC:  4    Str: 12    XL:     1   Next: 41%
Magic:  2/3        EV: 12    Int: 13    God:
Gold:   0          SH:  0    Dex: 11    Spells: 3/4 levels left

rFire   . . .      SeeInvis .     - Unarmed
rCold   . . .      Faith    .   (no shield)
rNeg    . . .      Spirit   .   (armour unavailable)
rPois   .          Reflect  .   (helmet currently unavailable)
rElec   .          Harm     .   (no cloak)
rCorr   .          Rampage  .   (no gloves)
Will    .....                   (boots currently unavailable)
Stlth   +.........              (no amulet)
HPRegen 0.05/turn               (no ring)
MPRegen 0.08/turn               (no ring)

@: appendages (expiring)
A: horns 2, talons 2, AC +4, unfitting armour, cold-blooded
a: End Transformation


You were on level 1 of the Dungeon.
You had temporarily grown beastly horns and talons.
You visited 1 branch of the dungeon, and saw 1 of its levels.

Inventory:

Scrolls
 a - a scroll of identify {unknown}
 b - a scroll of enchant armour {unknown}


   Skills:
 + Level 1.2 Fighting
 - Level 1.7 Dodging
 - Level 3.0 Unarmed Combat
 + Level 2.0 Spellcasting
 + Level 2.0 Transmutations
 * Level 0.2 Ice Magic
 * Level 0.2 Poison Magic


You had 3 spell levels left.
You knew the following spells:

 Your Spells              Type           Power      Damage    Failure   Level
a - Beastly Appendage     Tmut           12%        N/A       11%         1

Your spell library contained the following spells:

 Spells                   Type           Power      Damage    Failure   Level
 Wereblood                Tmut           6%         N/A       17%         2
 Spider Form              Tmut/Pois      4%         N/A       43%         3
 Ice Form                 Ice/Tmut       4%         N/A       85%         4


Dungeon Overview and Level Annotations

Branches:
Dungeon (1/15)

Altars:


Innate Abilities, Weirdness & Mutations

You have temporarily grown beastly horns and talons.
Your plain brown scales are hard. (AC +4)
You cannot fit into any form of body armour.
You are cold-blooded and may be slowed by cold attacks.


Message History

There is an open door here.
You see here 18 bolts.
You open the door. 2 kobolds come into view.
Found a pair of boots.
There are monsters nearby!
Casting: Beastly Appendage (safe; 11% risk of failure)
Confirm with . or Enter, or press ? or * to list all spells.
You grow a pair of large bovine horns.
Your feet morph into talons.
The kobold shouts! x2
There are monsters nearby!
The kobold hits you but does no damage.
There is an open door here.
There are monsters nearby!
You closely miss the kobold. Your kick misses the kobold.
Your headbutt misses the kobold.
The kobold hits you with a +0 short sword.
An endoplasm comes into view.
You completely miss the kobold. You punch the kobold, but do no damage.
The kobold closely misses you.
You closely miss the kobold. Your headbutt misses the kobold.
Your transformation is almost over.
The kobold barely misses you.
The kobold hits you with a +0 short sword.
You are too injured to fight recklessly!
You hit the kobold.
You kill the kobold!
The kobold closely misses you.
You are too injured to fight recklessly!
A bat comes into view.
The kobold hits you with a +0 short sword.
The bat moves out of view.
Things that are here:
a +0 short sword; a +0 pair of boots The kobold hits you with a +0 short sword.
* * * LOW HITPOINT WARNING * * *
There is an open door, spattered with blood here.
You hit the kobold but do no damage.
The kobold hits you with a +0 short sword.
You die...

.. #### .# ...# .# ...#
###.# # ...# #...#.##.
...##### #........
.......###########........
............(...@KJ..b...#
#'###.############.....#..
#.###'### ####....#
#.#.#.#g# ...# #.###.###
... #.#6#.#Q# ## #.###.###
..#e#.#p# #####.###


You could see an endoplasm, a bat and a kobold.

Vanquished Creatures
  A dart slug (D:1)
  A kobold (D:1)
2 creatures vanquished.

Notes
Turn   | Place    | Note
-------+----------+-------------------------------------------
     0 | D:1      | Zeld the Draconian Transmuter began the quest for the Orb.
     0 | D:1      | Reached XP level 1. HP: 16/16 MP: 3/3
     2 | D:1      | Noticed a felid
     2 | D:1      | Noticed a spriggan
     4 | D:1      | Noticed a naga
     6 | D:1      | Noticed a vampire
     8 | D:1      | Noticed a human
     8 | D:1      | Noticed a gargoyle
    10 | D:1      | Noticed a ghoul
    12 | D:1      | Noticed a troll
    15 | D:1      | Noticed an octopode
    15 | D:1      | Noticed an ogre
    17 | D:1      | Noticed a draconian
    17 | D:1      | Noticed a formicid
    19 | D:1      | Noticed a vine stalker
    21 | D:1      | Noticed a minotaur
    21 | D:1      | Noticed a merfolk
    23 | D:1      | Noticed an elf
    23 | D:1      | Noticed a demigod
    25 | D:1      | Noticed a demonspawn
    25 | D:1      | Noticed a tengu
    27 | D:1      | Noticed a dwarf
   298 | D:1      | Slain by a kobold

Illustrated notes

Levels and vault maps discovered:
D:1:      kb_arrival_jail, layout_basic, chequers_arboretum

Action                   || total
-------------------------++-------
Melee: Unarmed           ||     9
       Headbutt          ||     2
       Punch             ||     1
 Cast: Beastly Appendage ||     2
Armor: Skin              ||     1
Dodge: Dodged            ||     4
